 Dungeon Crawl Stone Soup version 0.29-a0-866-g0545e20025 (webtiles) character file.

Game seed: 10151218434203035844

2 Glafi the Ducker (level 1, 0/10 HPs)
             Began as a Felid Berserker on July 17, 2022.
             Was a Follower of Trog.
             Slain by a quokka (2 damage)
             ... on level 1 of the Dungeon.
             The game lasted 00:00:10 (13 turns).

Glafi the Ducker (Felid Berserker)                    Turns: 13, Time: 00:00:11

Health: 0/10       AC:  1    Str: 13    XL:     1   Next: 33%
Magic:  2/2        EV: 18    Int:  8    God:    Trog [*.....]
Gold:   0          SH:  0    Dex: 15    Spells: 0/0 levels left
                                        Lives:  0   Deaths: 0

rFire   . . .      SeeInvis +     - Unarmed
rCold   . . .      Faith    .   (shield unavailable)
rNeg    . . .      Spirit   .   (body armour unavailable)
rPois   .          Reflect  .   (helmet unavailable)
rElec   .          Harm     .   (cloak unavailable)
rCorr   .          Rampage  .   (gloves unavailable)
Will    .....                   (boots unavailable)
Stlth   +.........              (no amulet)
HPRegen 0.03/turn               (no ring)
MPRegen 0.08/turn               (no ring)

@: quick
A: very small, claws 1, fangs 3, see invisible, speed 1, shaggy fur 1, stealthy
paws, no weapons or thrown items, no armour, multi-lived
a: Renounce Religion, Berserk


You were on level 1 of the Dungeon.
You worshipped Trog.
Trog was aware of your devotion.
You visited 1 branch of the dungeon, and saw 1 of its levels.

You aren't carrying anything.


   Skills:
 + Level 3.0 Fighting
 + Level 4.1 Dodging
 + Level 3.0 Unarmed Combat


You couldn't memorise any spells.
You didn't know any spells.
Your spell library was empty.

Dungeon Overview and Level Annotations

Branches:
Dungeon (1/15)

Altars:

Annotations:
D:1 2 transporters


Innate Abilities, Weirdness & Mutations

You have sharp claws.
You have razor-sharp teeth.
You have supernaturally acute eyesight. (SInv)
You cover ground quickly. (Speed+)
You are covered in fur. (AC +1)
Your paws help you pounce on unaware monsters.
You are incapable of wielding weapons or throwing items.
You cannot wear armour.
You gain extra lives every three experience levels.


Message History

An endoplasm is nearby!
A quokka comes into view.
You enter the shallow water.
Moving in this stuff is going to be slow.
Found a dagger.
The endoplasm quivers.
A quokka comes into view.
There are monsters nearby!
You scratch the endoplasm but do no damage.
The endoplasm misses you.
You scratch the endoplasm. You bite the endoplasm.
You kill the endoplasm!
Trog accepts your kill.
Found a stone staircase leading down.
A kobold comes into view. It is wielding a +0 whip.
The kobold shouts!
You closely miss the quokka. The quokka bites you.
A dart slug comes into view.
The quokka twitches its whiskers.
The quokka bites you.
You are too injured to fight recklessly!
There are monsters nearby!
You are too injured to fight recklessly!
You are too injured to fight recklessly!
You are too injured to fight recklessly!
You are too injured to fight recklessly!
You are too injured to fight recklessly!
There are monsters nearby!
You are too injured to fight recklessly!
You scratch the quokka.
The quokka is heavily wounded.
The quokka bites you.
* * * LOW HITPOINT WARNING * * *
You scratch the quokka.
You kill the quokka!
Trog accepts your kill.
You scratch the quokka. You claw the quokka.
The quokka is almost dead.
The quokka bites you.
You die...

......... ..######
..........#####......
..........#≈≈≈≈≈≈≈≈####
#........#≈≈≈≈≈≈≈≈≈≈≈≈#
..........≈≈≈≈≈.≈≈≈≈≈≈≈
.>........≈≈.≈.©.≈≈≈≈≈≈
..........≈.≈..<⌠≈≈≈≈≈≈
...)...r...≈≈≈.©.≈≈≈≈≈≈
.......@..≈≈≈≈≈.≈≈≈≈≈.≈
#.........≈≈≈≈≈≈≈≈≈≈.©.
##........≈≈≈≈≈≈≈≈≈≈⌠>.
##....K...≈≈≈≈≈≈≈≈≈.©.
#.......[.≈≈≈≈≈≈≈≈≈.≈
#.....w!......≈≈≈≈≈≈≈≈
#..........#...
#..........##.


You could see a dart slug, a quokka and a kobold.

Vanquished Creatures
  An endoplasm (D:1)
  A quokka (D:1)
2 creatures vanquished.

Notes
Turn   | Place    | Note
-------+----------+-------------------------------------------
     0 | D:1      | Glafi the Felid Berserker began the quest for the Orb.
     0 | D:1      | Reached XP level 1. HP: 10/10 MP: 2/2
    13 | D:1      | Slain by a quokka

Illustrated notes

Levels and vault maps discovered:
D:1:      spicycebolla_arrival_transporter_tutorial, layout_rooms

Action                   || total
-------------------------++-------
Melee: Unarmed           ||     6
       Punch             ||     1
       Bite              ||     1
Dodge: Dodged            ||     1

Table legend: (Time is in decaauts)
 A = Elapsed time spent in this place.
 B = Non-inter-level travel time spent in this place.
 C = Inter-level travel time spent in this place.
 D = Time resting spent in this place.
 E = Time spent auto-exploring this place.
 F = Levels seen in this place.
 G = Mean time per level.
                   A        B        C        D        E       F      G
               +--------+--------+--------+--------+--------+-----+--------+
         Total |     11 |     11 |      0 |      0 |      0 |   1 |   11.0 |
       Dungeon |     11 |     11 |      0 |      0 |      0 |   1 |   11.0 |
               +--------+--------+--------+--------+--------+-----+--------+

Top non-repeatable levels by time:
     D:1: 11 daAuts
